[Event "Titled Tuesday Blitz February 21 Early 2023"]
[White "Karthik Rajaa"]
[Black "Novikova, Galina"]
[WhiteFideId "25035215"]
[BlackFideId "4157095"]
[WhiteElo "2276"]
[BlackElo "2073"]
[Result "1-0"]
[Round "01"]
[TimeControl "180+2"]
[Date "2023.02.21"]
[WhiteClock "0:00:33"]
[BlackClock "0:00:01"]

1. c4 e6 2. Nf3 f5 3. Nc3 Nf6 4. g3 Be7 5. Bg2 d6 6. d4 O-O 7. O-O Qe8 8. Nd2 e5 9. d5 a5 10. c5 Na6 11. cxd6 cxd6 12. Nc4 f4 13. gxf4 Qh5 14. fxe5 Ng4 15. h3 Nxe5 16. Nxe5 Qxe5 17. f4 Qh5 18. e4 Qh4 19. Qe1 Qh5 20. f5 Nc5 21. Qd1 Qh4 22. Bf4 Bd7 23. Kh2 b5 24. Bg3 Qf6 25. Qd2 b4 26. Ne2 Bb5 27. Rfe1 Nd3 28. Red1 Nxb2 29. Nd4 Nxd1 30. Rxd1 Bd7 31. Ne6 Bxe6 32. dxe6 Rad8 33. Rf1 Qc3 34. Qd5 a4 35. Rf3 Qc2 36. Rf2 Qc3 37. Qb7 Rfe8 38. Qb5 Ra8 39. e5 Reb8 40. Qd7 1-0


[Site "https://www.chess.com"]

[Event "Titled Tuesday Blitz February 21 Early 2023"]
[White "Koridze, Lile"]
[Black "Skliarov, Viktor"]
[WhiteFideId "13612514"]
[BlackFideId "14106736"]
[WhiteElo "2191"]
[BlackElo "2383"]
[Result "1-0"]
[Round "01"]
[TimeControl "180+2"]
[Date "2023.02.21"]
[WhiteClock "0:00:17"]
[BlackClock "0:00:03"]

1. d4 Nf6 2. c4 e6 3. Nf3 c5 4. d5 exd5 5. cxd5 d6 6. Nc3 g6 7. Nd2 a6 8. a4 Bg7 9. Nc4 O-O 10. Bg5 h6 11. Bh4 g5 12. Bg3 Ne8 13. e4 f5 14. exf5 Bxf5 15. Bd3 Qe7+ 16. Kf1 Nd7 17. Bxf5 Rxf5 18. Qd3 Qf7 19. Re1 Bd4 20. Ne4 Qxd5 21. Nexd6 Nxd6 22. Nxd6 Rf6 23. Re7 Nf8 24. Ne8 Rxe8 25. Rxe8 c4 26. Qe4 Qd7 27. Re7 Qxa4 28. Qxd4 Rf7 29. Rxf7 Kxf7 30. f3 Qa1+ 31. Be1 Ne6 32. Qd7+ Kf6 33. Qxb7 Qd1 34. Qe4 Nf4 35. g3 Nd3 36. Kg2 Qc2+ 37. Kh3 h5 38. Bc3+ Qxc3 39. bxc3 Nf2+ 40. Kg2 Nxe4 41. fxe4 Ke5 42. Kf3 g4+ 43. Ke3 1-0


[Site "https://www.chess.com"]

[Event "Titled Tuesday Blitz February 21 Early 2023"]
[White "Melikyan, Gnel"]
[Black "Petrova, Irina"]
[WhiteFideId "54109990"]
[BlackFideId "14124122"]
[WhiteElo "2238"]
[BlackElo "2108"]
[Result "1-0"]
[Round "01"]
[TimeControl "180+2"]
[Date "2023.02.21"]
[WhiteClock "0:02:12"]
[BlackClock "0:01:29"]

1. a3 d6 2. Nf3 g6 3. c4 Bg7 4. Nc3 e5 5. d4 Nc6 6. Bg5 Nf6 7. dxe5 Nxe5 8. Nxe5 dxe5 9. Qxd8+ Kxd8 10. Nd5 h6 11. Bxf6+ Bxf6 12. Nxf6 c6 13. Ne4 Kc7 14. O-O-O Be6 15. e3 Rad8 16. Rxd8 Rxd8 17. Be2 f5 18. Nc3 e4 19. Rd1 Re8 20. c5 b6 21. Na4 Bb3 22. Rd4 Re5 23. cxb6+ axb6 24. Rb4 Bxa4 25. Rxa4 Rc5+ 26. Rc4 Rd5 27. b4 Kd6 28. Rd4 Rxd4 29. exd4 Kd5 30. a4 Kxd4 31. a5 bxa5 32. bxa5 Kc5 33. g3 g5 34. Kd2 f4 35. gxf4 gxf4 36. Kc3 f3 37. Bf1 1-0


[Site "https://www.chess.com"]

[Event "Titled Tuesday Blitz February 21 Early 2023"]
[White "Todev, Simeon"]
[Black "Spata, German"]
[WhiteFideId "2925133"]
[BlackFideId "113026"]
[WhiteElo "2033"]
[BlackElo "2383"]
[Result "0-1"]
[Round "01"]
[TimeControl "180+2"]
[Date "2023.02.21"]
[WhiteClock "0:00:01"]
[BlackClock "0:00:07"]

1. e4 e6 2. d4 d5 3. Nc3 dxe4 4. Nxe4 Nd7 5. Nf3 Ngf6 6. Bd3 c5 7. O-O cxd4 8. Nxd4 Be7 9. Qf3 Ne5 10. Bb5+ Bd7 11. Nxf6+ Bxf6 12. Qxb7 O-O 13. Bf4 Rb8 14. Qa6 Rb6 15. Qa4 Ng6 16. Bxd7 Nxf4 17. Nb3 Bxb2 18. Rae1 Qc7 19. Bb5 Rfb8 20. Bd3 Rb4 21. Qa6 g6 22. Re4 Bf6 23. Rxb4 Rxb4 24. Qa3 Be7 25. Qb2 Qc6 26. f3 a5 27. Qe5 Bd6 28. Qf6 a4 29. Nd4 Qc5 0-1


[Site "https://www.chess.com"]

[Event "Titled Tuesday Blitz February 21 Early 2023"]
[White "Arabidze, Meri"]
[Black "Lorenzo De La Riva, Lazaro"]
[WhiteFideId "13604040"]
[BlackFideId "2268809"]
[WhiteElo "2441"]
[BlackElo "2404"]
[Result "1-0"]
[Round "01"]
[TimeControl "180+2"]
[Date "2023.02.21"]
[WhiteClock "0:00:06"]
[BlackClock "0:00:07"]

1. Nf3 Nf6 2. g3 d5 3. Bg2 e6 4. b3 c5 5. Bb2 Be7 6. O-O O-O 7. c4 d4 8. e3 Nc6 9. exd4 cxd4 10. Re1 Ne8 11. Na3 f6 12. d3 e5 13. Nc2 a5 14. a3 Nc7 15. Qd2 Na6 16. Rab1 Nc5 17. Ba1 Bf5 18. Bf1 Qd7 19. b4 axb4 20. axb4 Na4 21. Nh4 Be6 22. Bg2 g5 23. Nf3 Bf5 24. c5 b5 25. cxb6 Nxb6 26. b5 Na5 27. Nb4 Rfc8 28. h4 h6 29. hxg5 hxg5 30. Nc6 Nxc6 31. bxc6 Qc7 32. Bxd4 exd4 33. Nxd4 Bg4 34. Nb5 Qd8 35. c7 Qd7 36. Bxa8 Nxa8 37. Qa2+ Kg7 38. Qa6 Rh8 39. Qb7 Qxd3 40. c8=Q Bxc8 41. Rxe7+ Kg6 42. Rg7+ Kf5 43. Nd6+ Qxd6 44. Rb5+ Ke6 45. Qe4+ Qe5 46. Rxe5+ fxe5 47. Rg6+ Kf7 48. Rd6 Nc7 49. Qxe5 Bb7 50. Qxh8 Ke7 51. Qd8+ Kf7 52. Qxc7+ Kg8 53. Rd8# 1-0


[Site "https://www.chess.com"]

[Event "Titled Tuesday Blitz February 21 Early 2023"]
[White "Smith, Garrett L"]
[Black "Derix, Bernhard"]
[WhiteFideId "2024829"]
[BlackFideId "4642368"]
[WhiteElo "2047"]
[BlackElo "2065"]
[Result "0-1"]
[Round "01"]
[TimeControl "180+2"]
[Date "2023.02.21"]
[WhiteClock "0:02:06"]
[BlackClock "0:02:00"]

1. e4 c5 2. a3 g6 3. b4 Bg7 4. Nc3 d6 5. Nf3 Nc6 6. Rb1 Nf6 7. Be2 O-O 8. O-O Nd4 9. Re1 b6 10. Nxd4 cxd4 11. Nd5 e5 12. c4 Nxe4 13. Bf3 Ng5 14. Ne7+ Qxe7 15. Bxa8 Bf5 0-1


[Site "https://www.chess.com"]

[Event "Titled Tuesday Blitz February 21 Early 2023"]
[White "Volkov, Maksim"]
[Black "Rios Escobar, Adan"]
[WhiteFideId "54123070"]
[BlackFideId "3403645"]
[WhiteElo "2258"]
[BlackElo "2234"]
[Result "1-0"]
[Round "01"]
[TimeControl "180+2"]
[Date "2023.02.21"]
[WhiteClock "0:01:13"]
[BlackClock "0:00:02"]

1. e4 c5 2. Nf3 d6 3. d4 cxd4 4. Nxd4 Nf6 5. Nc3 a6 6. h3 e5 7. Nde2 h5 8. g3 Be6 9. Bg2 Be7 10. O-O Nbd7 11. Be3 Rc8 12. Qd2 Nb6 13. b3 d5 14. Bxb6 Qxb6 15. Nxd5 Nxd5 16. exd5 Bd7 17. c4 O-O 18. Rad1 Bd6 19. Nc3 f5 20. Qg5 Be8 21. g4 hxg4 22. hxg4 Bb4 23. d6 Bxc3 24. d7 Bxd7 25. Rxd7 e4 26. gxf5 Rce8 27. Qg3 Bd4 28. Rd6 Qc5 29. Rd5 Qb6 30. Qg4 1-0


[Site "https://www.chess.com"]

[Event "Titled Tuesday Blitz February 21 Early 2023"]
[White "Gerbelli Neto, Eduardo"]
[Black "Goroshkov, Maksym"]
[WhiteFideId "2103281"]
[BlackFideId "14142716"]
[WhiteElo "2114"]
[BlackElo "2287"]
[Result "0-1"]
[Round "01"]
[TimeControl "180+2"]
[Date "2023.02.21"]
[WhiteClock "0:00:13"]
[BlackClock "0:01:36"]

1. e4 e5 2. Nf3 d6 3. d4 Bg4 4. dxe5 Nd7 5. exd6 Bxd6 6. Be2 Ngf6 7. Nc3 Qe7 8. h3 Bh5 9. O-O O-O-O 10. Nd4 Bxe2 11. Qxe2 Qe5 12. Nf3 Qe7 13. Bg5 h6 14. Bh4 g5 15. Bg3 Bxg3 16. fxg3 Rhe8 17. Rae1 Ne5 18. Nxe5 Qxe5 19. Qf3 Re6 20. Re2 h5 21. Rfe1 g4 22. Qf4 gxh3 23. Qxe5 h2+ 24. Kxh2 Rxe5 25. Kh3 Rg8 26. Rf1 Nh7 27. Rf5 Rge8 28. Rxe5 Rxe5 29. Kh4 Nf8 30. Rf2 Ng6+ 31. Kh3 Re7 32. Rf5 c6 33. Rxh5 Ne5 34. Rh8+ Kc7 35. Ne2 Nc4 36. b3 Ne3 37. Rh7 Nxc2 38. Kg4 Rxe4+ 39. Kf3 Re3+ 40. Kf2 Re7 41. Nf4 Nd4 42. g4 Kb6 43. g5 Re5 44. Rxf7 Rxg5 45. Nd3 Nb5 46. Kf3 Nd4+ 47. Kf2 Ra5 48. Nb4 Nc2 49. Nxc2 Rxa2 50. g4 Rxc2+ 51. Ke3 Rc3+ 52. Ke4 Rxb3 53. g5 Rg3 54. Kf4 Rg1 55. Kf5 a5 56. g6 a4 57. g7 a3 58. Kf6 a2 59. Rf8 a1=Q+ 0-1


[Site "https://www.chess.com"]

[Event "Titled Tuesday Blitz February 21 Early 2023"]
[White "Ozates, Tuna"]
[Black "Tsyhanchuk, Stanislav"]
[WhiteFideId "6354521"]
[BlackFideId "13505130"]
[WhiteElo "2251"]
[BlackElo "2273"]
[Result "1-0"]
[Round "01"]
[TimeControl "180+2"]
[Date "2023.02.21"]
[WhiteClock "0:01:15"]
[BlackClock "0:00:11"]

1. d4 Nf6 2. Bg5 Ne4 3. Bf4 d5 4. e3 Bf5 5. c4 c6 6. Qb3 Qa5+ 7. Nc3 Nxc3 8. bxc3 Nd7 9. Nf3 g6 10. Be2 Bg7 11. O-O dxc4 12. Bxc4 O-O 13. Qxb7 Nb6 14. Bb3 Be4 15. Qxe7 Bxf3 16. gxf3 Qxc3 17. Rfc1 Qa5 18. Rxc6 Qf5 19. Qg5 Qd7 20. Rc7 Qe8 21. Bd6 h6 22. Qg3 Qd8 23. Be7 Qb8 24. Bxf8 1-0


[Site "https://www.chess.com"]

[Event "Titled Tuesday Blitz February 21 Early 2023"]
[White "Toktomushev, Teimur"]
[Black "Skvortsov, Andrei"]
[WhiteFideId "14176726"]
[BlackFideId "24108600"]
[WhiteElo "2239"]
[BlackElo "2313"]
[Result "0-1"]
[Round "01"]
[TimeControl "180+2"]
[Date "2023.02.21"]
[WhiteClock "0:00:01"]
[BlackClock "0:00:16"]

1. d4 e6 2. c4 Nf6 3. Nf3 d5 4. e3 Bb4+ 5. Bd2 Bxd2+ 6. Qxd2 O-O 7. Nc3 Nc6 8. Bd3 Qe7 9. O-O dxc4 10. Bxc4 e5 11. Nd5 Nxd5 12. Bxd5 exd4 13. exd4 Qd6 14. Bb3 Ne7 15. Rfe1 Ng6 16. Ne5 Bd7 17. Rad1 Rad8 18. Qg5 Bc8 19. f4 Nxe5 20. dxe5 Qb6+ 21. Kh1 Rxd1 22. Rxd1 Be6 23. Rd8 c5 24. Rxf8+ Kxf8 25. Bxe6 fxe6 26. h4 h6 27. Qg6 Qxb2 28. Qxe6 Qc1+ 29. Kh2 Qxf4+ 30. g3 Qd4 31. Qc8+ Ke7 32. Qxb7+ Ke6 33. Qxg7 Qf2+ 34. Kh3 Qf5+ 35. Kh2 h5 36. Qxa7 Qxe5 37. Qb6+ Kf5 38. Qb1+ Qe4 39. Qf1+ Ke5 40. Qa1+ Qd4 41. Qe1+ Kd5 42. a3 c4 43. Qh1+ Qe4 44. Qc1 Qe2+ 45. Kh3 Qg4+ 46. Kh2 Qe2+ 47. Kh3 Qe5 48. Qd1+ Kc5 49. Qg1+ Qd4 50. Qc1 c3 51. Qg5+ Qd5 52. Qe3+ Kc4 53. Qe2+ Kb3 54. Qa6 Qf5+ 55. Kh2 Qf2+ 56. Kh3 Qf5+ 57. Kh2 c2 58. Qb6+ Ka2 59. Qe3 Kb1 60. Qb3+ Ka1 61. Qc3+ Ka2 62. Qc4+ Kxa3 63. Qc3+ Ka2 64. Qc4+ Kb2 65. Qb4+ Ka1 66. Qc3+ Kb1 67. Qb3+ Kc1 68. Qe3+ Kd1 69. Qg1+ Ke2 0-1


[Site "https://www.chess.com"]

[Event "Titled Tuesday Blitz February 21 Early 2023"]
[White "Al-Tarboush, Ward"]
[Black "Alice, Mateus Felizardo Viageiro"]
[WhiteFideId "7601450"]
[BlackFideId "14800047"]
[WhiteElo "2256"]
[BlackElo "2202"]
[Result "1-0"]
[Round "01"]
[TimeControl "180+2"]
[Date "2023.02.21"]
[WhiteClock "0:00:11"]
[BlackClock "0:00:08"]

1. e4 c5 2. Nf3 d6 3. d4 cxd4 4. Nxd4 Nf6 5. Nc3 a6 6. h3 e5 7. Nde2 h5 8. Bg5 Be6 9. g3 Nbd7 10. a4 Rc8 11. Bg2 Qb6 12. b3 Be7 13. O-O O-O 14. Be3 Qa5 15. Qd2 Rfe8 16. Rad1 Qc7 17. f4 exf4 18. gxf4 Nc5 19. f5 Bd7 20. Bd4 Bc6 21. Rf4 b5 22. axb5 axb5 23. b4 Na4 24. Nxa4 bxa4 25. c4 Qb7 26. Ng3 Bd8 27. b5 Bxe4 28. Nxe4 Nxe4 29. Qd3 d5 30. cxd5 Nd6 31. Qg3 f6 32. Kh1 Qxb5 33. Rg1 Qd7 34. Qg6 Qf7 35. Qg3 Rc4 36. Bf3 h4 37. Qxh4 Rxd4 38. Bh5 Qxd5+ 39. Rg2 Rd2 40. Bf3 Rd1+ 41. Kh2 Qd4 42. Rxd4 1-0


[Site "https://www.chess.com"]

[Event "Titled Tuesday Blitz February 21 Early 2023"]
[White "Fajdetic, Hrvoje"]
[Black "Sadykov, Ramil"]
[WhiteFideId "14501945"]
[BlackFideId "24113590"]
[WhiteElo "2151"]
[BlackElo "2345"]
[Result "0-1"]
[Round "01"]
[TimeControl "180+2"]
[Date "2023.02.21"]
[WhiteClock "0:00:01"]
[BlackClock "0:00:45"]

1. d4 Nf6 2. Bf4 d5 3. e3 c5 4. Nc3 cxd4 5. exd4 Bg4 6. f3 Bd7 7. Bd3 Qb6 8. Nge2 Nc6 9. a3 Nxd4 10. Be3 e5 11. Nxd4 exd4 12. Bf2 Bc5 13. Ne2 a5 14. O-O O-O 15. Kh1 Qxb2 16. Rb1 Qxa3 17. Rxb7 Rfb8 18. Rxb8+ Rxb8 19. Bxd4 Bxd4 20. Nxd4 a4 21. Bf5 Bxf5 22. Nxf5 g6 23. Qd4 Qb2 24. Qxb2 Rxb2 25. Nd4 a3 0-1


[Site "https://www.chess.com"]

[Event "Titled Tuesday Blitz February 21 Early 2023"]
[White "Dobrikov, Marco"]
[Black "Jimenez Jimenez, Leandro"]
[WhiteFideId "12950378"]
[BlackFideId "6415253"]
[WhiteElo "2269"]
[BlackElo "2146"]
[Result "1-0"]
[Round "01"]
[TimeControl "180+2"]
[Date "2023.02.21"]
[WhiteClock "0:00:24"]
[BlackClock "0:00:11"]

1. d4 d5 2. Bf4 Nf6 3. e3 c5 4. c3 Qb6 5. Qb3 c4 6. Qc2 Nc6 7. Nd2 g6 8. Ngf3 Bf5 9. Qc1 Bg7 10. Be2 Qd8 11. O-O b5 12. b3 O-O 13. Ne5 Rc8 14. bxc4 bxc4 15. Qa3 Qa5 16. Qxa5 Nxa5 17. g4 Ne4 18. Rfd1 Nxc3 19. Re1 Nxe2+ 20. Rxe2 Bxe5 21. Bxe5 Bxg4 22. f3 Bf5 23. e4 Be6 24. Bg3 Rfe8 25. Rc1 f6 26. Nf1 Kf7 27. Ne3 dxe4 28. fxe4 Bd7 29. Rf2 Bc6 30. d5 Bd7 31. e5 Bb5 32. Ng4 h5 33. Ne3 Kg7 34. d6 f5 35. Nd5 exd6 36. exd6 Bc6 37. Ne7 Be4 38. Be5+ Kf7 39. Rb2 Rcd8 40. h4 Ke6 41. Bf4 Bd3 42. Kf2 Rxd6 43. Bxd6 Kxd6 44. Nxg6 Nc6 45. Nf4 Ne5 46. Rd2 Kc5 47. Nxd3+ Nxd3+ 48. Rxd3 Rb8 49. Rf3 Rb2+ 50. Kg3 Rxa2 51. Rxf5+ Kb4 52. Rxh5 Ra3+ 53. Kg4 a5 54. Rh7 Ra2 55. Rc7 Rg2+ 56. Kf3 Rh2 57. Kg3 Rd2 58. h5 c3 59. R7xc3 a4 60. Rc4+ Kb3 61. h6 Rd3+ 62. Kg4 Rd8 63. Kg5 a3 64. h7 a2 65. Kh6 Kb2 66. Kg7 Rd7+ 67. Kg6 Rd6+ 68. Kg5 Rd5+ 69. Kg4 Rd8 70. R1c2+ Kb1 71. Rc1+ Kb2 72. R4c2+ Kb3 73. Rxa2 Kxa2 74. Rh1 Rh8 75. Kf5 Kb3 76. Kg6 Kc4 77. Kg7 Rc8 78. h8=Q Rc7+ 79. Kf6 Rc6+ 80. Ke5 Rc5+ 81. Ke4 Kb5 82. Qb8+ Kc6 83. Qc8+ Kb5 84. Rb1+ Ka4 85. Qa6+ Ra5 86. Ra1+ Kb3 87. Qxa5 Kc2 88. Qa2+ Kc3 89. Rc1+ Kb4 90. Qc4+ Ka5 91. Ra1+ Kb6 92. Ra6+ Kb7 93. Qc6+ Kb8 94. Ra8# 1-0


[Site "https://www.chess.com"]

[Event "Titled Tuesday Blitz February 21 Early 2023"]
[White "Vaglio Munoz, Jaime"]
[Black "Wadsworth, Matthew J"]
[WhiteFideId "6500145"]
[BlackFideId "415804"]
[WhiteElo "2174"]
[BlackElo "2428"]
[Result "0-1"]
[Round "01"]
[TimeControl "180+2"]
[Date "2023.02.21"]
[WhiteClock "0:00:11"]
[BlackClock "0:00:16"]

1. d4 Nf6 2. g3 c5 3. c3 e6 4. Bg2 d5 5. a3 Nc6 6. Nf3 c4 7. O-O Bd6 8. b3 cxb3 9. Qxb3 Na5 10. Qa2 O-O 11. Nbd2 b5 12. Re1 Bb7 13. Rb1 a6 14. a4 Bc6 15. Ne5 Bxe5 16. dxe5 Nd7 17. axb5 axb5 18. f4 Qb6+ 19. e3 Nc4 20. Nxc4 dxc4 21. Qf2 Bxg2 22. Kxg2 Nc5 23. e4 Qc6 24. Qf3 Ra2+ 25. Rb2 Rfa8 26. Ree2 Rxb2 27. Bxb2 Ra2 28. Qe3 Nd3 29. Bc1 Rxe2+ 30. Qxe2 Nxc1 31. Qe3 Nd3 32. Qd4 h6 33. Kh3 Nc5 34. f5 Nxe4 35. f6 Ng5+ 36. Kg4 Qe4+ 37. Kh5 Qxd4 38. cxd4 gxf6 39. Kxh6 fxe5 40. dxe5 c3 41. Kxg5 c2 42. h4 c1=Q+ 43. Kg4 Kg7 44. h5 Kh6 45. Kh4 Qg5+ 46. Kh3 Kxh5 47. Kh2 Kg4 48. Kg2 Qd2+ 49. Kh1 Kf3 50. g4 Qg2# 0-1


[Site "https://www.chess.com"]

[Event "Titled Tuesday Blitz February 21 Early 2023"]
[White "Fiorito, Joaquin"]
[Black "Uzcategui Rodriguez, Alejandro"]
[WhiteFideId "180173"]
[BlackFideId "3903400"]
[WhiteElo "2405"]
[BlackElo "2255"]
[Result "1-0"]
[Round "01"]
[TimeControl "180+2"]
[Date "2023.02.21"]
[WhiteClock "0:00:06"]
[BlackClock "0:00:02"]

1. d4 Nf6 2. Nc3 e6 3. Bf4 d5 4. Nb5 Na6 5. e3 c6 6. Nc3 Qb6 7. Rb1 Bb4 8. Bd3 c5 9. dxc5 Nxc5 10. Ne2 Bd7 11. O-O Nxd3 12. cxd3 O-O 13. a3 Be7 14. h3 Rfc8 15. Qd2 Be8 16. Rfc1 Nd7 17. b4 Nf8 18. Bh2 a5 19. bxa5 Qxa5 20. Rxb7 Bxa3 21. Ra1 Qc5 22. Rab1 Bc6 23. R7b3 Qe7 24. Nd4 Be8 25. Ndb5 Bxb5 26. Nxb5 e5 27. d4 e4 28. Rxa3 Rxa3 29. Bd6 Qd7 30. Bxa3 Rb8 31. Nc3 Rxb1+ 32. Nxb1 Ne6 33. Nc3 h6 34. Qb2 Ng5 35. Qb5 Qa7 36. Qc5 Qb7 37. Qxd5 Qa6 38. Qc5 Qd3 39. Nd5 Qd1+ 40. Kh2 Qf1 41. Ne7+ 1-0


[Site "https://www.chess.com"]

[Event "Titled Tuesday Blitz February 21 Early 2023"]
[White "Corredor Castellanos, Camilo"]
[Black "Manelyuk, Daniil"]
[WhiteFideId "4425871"]
[BlackFideId "44173920"]
[WhiteElo "1957"]
[BlackElo "2302"]
[Result "1-0"]
[Round "01"]
[TimeControl "180+2"]
[Date "2023.02.21"]
[WhiteClock "0:00:24"]
[BlackClock "0:00:06"]

1. Nf3 d5 2. g3 c6 3. Bg2 g6 4. O-O Bg7 5. c4 Bg4 6. h3 Bxf3 7. Bxf3 e6 8. cxd5 exd5 9. Qb3 Qb6 10. d3 Ne7 11. Qa3 Na6 12. Bg5 Qb4 13. Qxb4 Nxb4 14. Nd2 h6 15. Bf4 g5 16. Bd6 Nc2 17. Rab1 Nf5 18. Bc5 b6 19. Rfc1 Ncd4 20. Bxd4 Nxd4 21. e3 Nxf3+ 22. Nxf3 Kd7 23. b4 Rhe8 24. d4 f5 25. b5 Rac8 26. h4 Bf6 27. hxg5 hxg5 28. Kg2 cxb5 29. Rxc8 Rxc8 30. Rxb5 Kd6 31. Rb2 Rc3 32. g4 fxg4 33. Nd2 Ke6 34. Kg3 Kf5 35. Rb5 Rc2 36. Nf1 Ke4 37. Nh2 Rxa2 38. Nxg4 Bd8 39. f3+ Kd3 40. Rxd5 Bc7+ 41. Ne5+ Bxe5+ 42. dxe5+ Kc4 43. Rd4+ Kc5 44. e6 Re2 45. Re4 g4 46. e7 1-0


[Site "https://www.chess.com"]

[Event "Titled Tuesday Blitz February 21 Early 2023"]
[White "Ibadov, Dashgyn"]
[Black "Prudnykova, Olga"]
[WhiteFideId "24107514"]
[BlackFideId "14121093"]
[WhiteElo "2391"]
[BlackElo "2268"]
[Result "1/2-1/2"]
[Round "01"]
[TimeControl "180+2"]
[Date "2023.02.21"]
[WhiteClock "0:00:03"]
[BlackClock "0:00:14"]

1. e4 c5 2. Nf3 Nf6 3. Nc3 e6 4. d4 cxd4 5. Nxd4 Nc6 6. Ndb5 Bc5 7. Bf4 O-O 8. Bc7 Qe7 9. Bd6 Bxd6 10. Qxd6 Qd8 11. Nc7 Rb8 12. Be2 b5 13. e5 b4 14. exf6 bxc3 15. fxg7 Kxg7 16. Qg3+ Kh8 17. Qxc3+ e5 18. Nd5 Nd4 19. Bc4 Bb7 20. Rd1 Rc8 21. Rxd4 exd4 22. Qxd4+ f6 23. Ne3 Qa5+ 24. c3 d5 25. Bb3 Qb6 26. Qxb6 axb6 27. O-O Rcd8 28. Rd1 Rfe8 29. h3 Re5 30. Rd2 h5 31. h4 Re4 32. g3 Re5 33. Bd1 Kg7 34. Bf3 Rd7 35. Nc2 Kg6 36. Nd4 Re1+ 37. Kg2 Ra1 38. a3 Re1 39. Ne2 Rb1 40. Nf4+ Kf5 41. Nxh5 Kg6 42. Nf4+ Kf7 43. h5 Kg7 44. c4 d4 45. Bxb7 Rxb7 46. b4 Rb3 47. Ne6+ Kh6 48. Nxd4 Rxa3 49. g4 Ra4 50. b5 Rxc4 51. f4 Rc5 52. Kg3 Kh7 53. Nf5 Rxb5 54. Rd6 Rxf5 55. gxf5 Kg7 56. h6+ Kxh6 57. Rxf6+ Kg7 58. Rg6+ Kf7 59. Rh6 Kf8 60. Rh2 b5 61. Rb2 b4 62. Rb3 Kf7 63. Kf3 Kf6 64. Ke4 Rb5 65. Kd4 Rxf5 66. Kc4 Rxf4+ 67. Kb5 Rf5+ 68. Kxb4 1/2-1/2


[Site "https://www.chess.com"]

[Event "Titled Tuesday Blitz February 21 Early 2023"]
[White "Alhadad, Mahmoud"]
[Black "Jakubowski, Krzysztof"]
[WhiteFideId "11501863"]
[BlackFideId "1112848"]
[WhiteElo "1840"]
[BlackElo "2486"]
[Result "0-1"]
[Round "01"]
[TimeControl "180+2"]
[Date "2023.02.21"]
[WhiteClock "0:00:05"]
[BlackClock "0:00:33"]

1. e4 c5 2. Nc3 e6 3. f4 Nc6 4. Nf3 d5 5. Bb5 Ne7 6. O-O d4 7. Ne2 a6 8. Bxc6+ Nxc6 9. d3 Be7 10. Ng3 g6 11. a3 h5 12. h3 h4 13. Nh1 b6 14. Nf2 f5 15. Ng5 Qd6 16. Bd2 a5 17. Qf3 Bd7 18. b4 cxb4 19. axb4 Nxb4 20. Bxb4 Qxb4 21. exf5 Rc8 22. fxe6 Bc6 23. Nfe4 O-O 24. Qg4 Kg7 25. Nf7 Bxe4 26. dxe4 Qd2 27. f5 g5 28. f6+ Bxf6 29. Rxf6 Kxf6 30. Qxg5+ Qxg5 31. Rf1+ Kg6 32. Nxg5 Rxf1+ 33. Kxf1 Kxg5 0-1


[Site "https://www.chess.com"]

[Event "Titled Tuesday Blitz February 21 Early 2023"]
[White "Kvaloy, Aksel Bu"]
[Black "Da Silva Borges, Rodrigo"]
[WhiteFideId "1528815"]
[BlackFideId "2115778"]
[WhiteElo "2321"]
[BlackElo "2199"]
[Result "1-0"]
[Round "01"]
[TimeControl "180+2"]
[Date "2023.02.21"]
[WhiteClock "0:02:54"]
[BlackClock "0:02:08"]

1. d4 Nf6 2. c4 e6 3. g3 d5 4. Nf3 Be7 5. Bg2 O-O 6. O-O dxc4 7. Qc2 b6 8. Bg5 Bb7 9. Bxf6 Bxf6 10. Ng5 g6 11. Bxb7 Bxg5 12. Bxa8 c6 13. Qxc4 1-0


[Site "https://www.chess.com"]

[Event "Titled Tuesday Blitz February 21 Early 2023"]
[White "Gamage, Wanshini Vidusama"]
[Black "Sharapov, Evgeny"]
[WhiteFideId "9953752"]
[BlackFideId "14103133"]
[WhiteElo "1089"]
[BlackElo "2375"]
[Result "1/2-1/2"]
[Round "01"]
[TimeControl "180+2"]
[Date "2023.02.21"]
[WhiteClock "0:00:16"]
[BlackClock "0:00:12"]

1. e4 c5 2. Nf3 d6 3. d4 cxd4 4. Nxd4 Nf6 5. Nc3 Nc6 6. Bg5 e6 7. Qd2 Be7 8. O-O-O O-O 9. h4 Nxd4 10. Qxd4 Qa5 11. Kb1 Rd8 12. f3 Bd7 13. Bd2 Qc5 14. Qxc5 dxc5 15. g4 Bc6 16. Be2 Rd7 17. Be3 Rad8 18. Kc1 b6 19. Rxd7 Rxd7 20. Rd1 Rxd1+ 21. Kxd1 Nd7 22. Kd2 Kf8 23. h5 h6 24. b3 Bf6 25. a4 Ke7 26. Bb5 Bb7 27. Bxd7 Kxd7 28. Nb5 a6 29. Na3 Be7 30. Nc4 b5 31. Nb6+ Kc7 32. a5 Bc6 33. c3 f5 34. gxf5 exf5 35. Kd3 fxe4+ 36. fxe4 Kb7 37. Bf4 Be8 38. Be5 Bxh5 39. Bxg7 Bg5 40. e5 Bg6+ 41. Ke2 Kc6 42. c4 b4 43. Bf8 Bc2 44. e6 Bg6 45. Kf3 h5 46. e7 Be8 47. Ke4 Kd6 48. Kf5 Bh4 49. Nc8+ Kd7 50. Nb6+ Kc6 51. Nd5 Kd6 52. Nb6 Kc6 53. Nd5 Kd6 54. Nb6 Kc6 1/2-1/2


[Site "https://www.chess.com"]

[Event "Titled Tuesday Blitz February 21 Early 2023"]
[White "Ambartsumova, Karina"]
[Black "Sovetbekova, Nurai"]
[WhiteFideId "4166299"]
[BlackFideId "13801910"]
[WhiteElo "2393"]
[BlackElo "1764"]
[Result "0-1"]
[Round "01"]
[TimeControl "180+2"]
[Date "2023.02.21"]
[WhiteClock "0:00:31"]
[BlackClock "0:00:05"]

1. Nf3 Nf6 2. c4 g6 3. d4 Bg7 4. Nc3 d5 5. cxd5 Nxd5 6. e4 Nxc3 7. bxc3 c5 8. Bg5 O-O 9. Rc1 Qa5 10. Qd2 Bg4 11. d5 f5 12. Bd3 fxe4 13. Bxe4 Qc7 14. O-O Na6 15. Bh6 Rad8 16. Bxg7 Kxg7 17. Qg5 Bxf3 18. Bxf3 Rf5 19. Qg3 Qxg3 20. hxg3 Nc7 21. c4 e6 22. dxe6 Nxe6 23. Bxb7 Rd2 24. a4 Nd4 25. Bf3 Nxf3+ 26. gxf3 Rxf3 27. Rb1 Rc2 28. Kg2 Rf7 29. a5 Rxc4 30. Rb5 Rc2 31. a6 Ra2 32. Rxc5 Rxa6 33. f4 Ra2+ 34. Kh3 Re7 35. Rd1 h5 36. Kh4 Kh6 37. Kh3 Ree2 38. Rh1 a5 39. Rc6 Rf2 40. g4 Rf3+ 41. Kh4 Rxf4 42. Kg3 Rxg4+ 43. Kf3 Rb4 44. Rg1 Ra3+ 45. Kg2 Rb2+ 46. Kh1 Rh3# 0-1


[Site "https://www.chess.com"]

[Event "Titled Tuesday Blitz February 21 Early 2023"]
[White "parintele_chess"]
[Black "Florescu, Codrut-Constantin"]
[BlackFideId "1202200"]
[WhiteElo "2249"]
[BlackElo "2259"]
[Result "0-1"]
[Round "01"]
[TimeControl "180+2"]
[Date "2023.02.21"]
[WhiteClock "0:02:26"]
[BlackClock "0:02:32"]

1. d4 Nf6 2. Bf4 d6 3. Nf3 g6 4. e3 Bg7 5. Be2 b6 6. O-O Bb7 7. c4 Nbd7 8. Nc3 a6 9. Rc1 Ne4 10. Nxe4 Bxe4 11. Nd2 Bb7 12. Bf3 Bxf3 13. Qxf3 O-O 14. b4 e5 15. dxe5 Nxe5 16. Bxe5 Bxe5 17. Rfd1 Qe8 18. g3 Qa4 19. c5 Qxb4 20. cxb6 cxb6 0-1


[Site "https://www.chess.com"]

[Event "Titled Tuesday Blitz February 21 Early 2023"]
[White "Gabdrakhmanov, Azat"]
[Black "Kornyukov, Alexey"]
[WhiteFideId "34189197"]
[BlackFideId "4150457"]
[WhiteElo "2316"]
[BlackElo "2452"]
[Result "1-0"]
[Round "01"]
[TimeControl "180+2"]
[Date "2023.02.21"]
[WhiteClock "0:02:04"]
[BlackClock "0:00:58"]

1. e4 c5 2. Nf3 Nc6 3. d4 cxd4 4. Nxd4 e5 5. Nb5 a6 6. N5c3 Bb4 7. a3 Bc5 8. Bc4 Nf6 9. O-O O-O 10. Bg5 Be7 11. Bxf6 Bxf6 12. Nd5 d6 13. Nd2 Be6 14. c3 Bxd5 15. Bxd5 Qb6 16. Qb3 Qxb3 17. Bxb3 Rfd8 18. Nc4 b5 19. Ne3 Ne7 20. Bd5 Nxd5 21. Nxd5 Rac8 22. a4 bxa4 23. Rxa4 Rc6 24. Rfa1 Ra8 25. b4 Rcc8 26. Nb6 1-0


[Site "https://www.chess.com"]